 Dungeon Crawl Stone Soup version 0.27-a0-767-g00efbec225 (webtiles) character file.

Game seed: 18352504499139205550

1425 Ijustatesigmund the Chopper (level 8, 0/64 HPs)
             Began as a Demonspawn Fighter on Mar 25, 2021.
             Slain by Harold
             ... wielding a +0 flail
              (14 damage)
             ... on level 7 of the Dungeon.
             The game lasted 00:07:31 (6216 turns).

Ijustatesigmund the Chopper (Demonspawn Fighter)    Turns: 6216, Time: 00:07:32

Health: 0/64       AC: 14    Str: 17    XL:     8   Next: 44%
Magic:  8/8        EV:  8    Int: 10    God:
Gold:   151        SH: 14    Dex: 14    Spells: 7/7 levels left

rFire    . . .     SeeInvis .   a - +1 war axe
rCold    . . .     Faith    .   c - +1 kite shield
rNeg     . . .     Spirit   .   b - +0 scale mail
rPois    .         Reflect  .   (no helmet)
rElec    .         Harm     .   (no cloak)
rCorr    .         Rampage  .   (no gloves)
Will     .....                  i - +0 pair of boots
Stlth    ..........             g - amulet of the acrobat
HPRegen  0.20/turn              (no ring)
MPRegen  0.11/turn              (no ring)

@: mighty, marked
A: icy blue scales 1, icemail 1, condensation shield
a: no special abilities


You were on level 7 of the Dungeon.
You visited 1 branch of the dungeon, and saw 7 of its levels.

You collected 305 gold pieces.
You spent 154 gold pieces at shops.

Inventory:

Hand Weapons
 a - a +1 war axe (weapon)
Missiles
 f - 39 poisoned darts (quivered)
Armour
 b - a +0 scale mail (worn)
 c - a +1 kite shield (worn)
 i - a +0 pair of boots (worn)
Jewellery
 g - an amulet of the acrobat (around neck)
 j - a ring of ice
Scrolls
 h - 2 scrolls of teleportation
 l - a scroll of blinking
 o - a scroll of fear
 q - a scroll of magic mapping
 t - a scroll of amnesia {unknown}
 u - a scroll of holy word {unknown}
Potions
 d - a potion of might
 e - 2 potions of curing
 k - a potion of attraction
 m - a potion of flight {unknown}
 n - a potion of heal wounds {unknown}
 p - a potion of haste {unknown}
 r - a potion of berserk rage {unknown}
 s - a potion of magic {unknown}
 v - a potion of degeneration {unknown}


   Skills:
 + Level 6.0 Fighting
 * Level 7.0 Axes
 + Level 4.6 Armour
 - Level 2.4 Dodging
 - Level 2.6 Shields


You had 7 spell levels left.
You didn't know any spells.
Your spell library was empty.

Dungeon Overview and Level Annotations

Branches:
Dungeon (7/15)
 Temple: D:4-7

Altars:
Dithmenos
Elyvilon
Fedhas
Gozag
Ru
Sif Muna
Yredelemnul
The Shining One

Shops:
D:3 ***:*   D:4 *

Annotations:
D:6 3 runed translucent doors, DarkShadow's ghost, novice TrFi; Dwachs's ghost, novice GnWn
D:7 Harold


Innate Abilities, Weirdness & Mutations

You are partially covered in icy blue scales. (AC +2)
A meltable icy envelope protects you from harm. (AC +4)
A meltable shield of frost defends you. (SH +4)


Message History

Found 4 curare-tipped darts.
There is a stone staircase leading up here.
You feel very mighty all of a sudden.
You hit Harold.
Harold is lightly wounded.
Harold casts a spell at you. A sentinel's mark forms upon you.
You slice Harold!!
Harold is moderately wounded.
Harold points at you and mumbles some strange words.
The mark upon you grows brighter. You block Harold's attack.
You slash Harold!
Harold is heavily wounded.
You block Harold's attack.
You closely miss Harold.
Harold is heavily wounded.
You block Harold's attack.
You barely miss Harold.
Harold is heavily wounded.
You block Harold's attack. x2
You closely miss Harold.
Harold is heavily wounded.
You block Harold's attack.
You slash Harold!
Harold is severely wounded.
Harold hits you with a +0 flail!
You hit Harold.
Harold is severely wounded.
You block Harold's attack. Harold hits you but does no damage.
You closely miss Harold.
Harold is severely wounded.
Harold says, "My wife will appreciate not having to wash blood out of my clothes anymore."
Harold casts a spell at you. The mark upon you grows brighter.
You slash Harold!
Harold is almost dead.
Harold hits you with a +0 flail!
* * * LOW HITPOINT WARNING * * *
Harold hits you with a +0 flail!
You die...

. # ... #.
....#.###
......@.#
(......@#
...........#
.......#.###
....... ..
....... .##
#...#.. ..
##.##.# ##
#. #.


You could see Harold.

Vanquished Creatures
  2 sky beasts (D:5)
  2 necrophages
  2 ice beasts (D:5)
  An ogre (D:6)
  A phantom (D:5)
  A water moccasin zombie (D:5)
  A scorpion (D:4)
  2 howler monkeys (D:5)
  A jelly (D:4)
  3 orc priests
  A hound (D:3)
  3 iguanas
  A bullfrog skeleton (D:5)
  3 orc wizards
  Terence (D:3)
  A killer bee zombie (D:3)
  A howler monkey zombie (D:5)
  7 adders
  A shadow imp (D:5)
  A white imp (D:6)
  A worm (D:5)
  11 orcs
  A ball python (D:4)
  9 endoplasms
  A giant cockroach (D:2)
  4 goblins
  6 hobgoblins
  10 jackals
  4 quokkas
  8 bats
  3 frilled lizards
  5 kobolds
  3 rats
102 creatures vanquished.

Vanquished Creatures (others)
  A plant (D:5)
1 creature vanquished.

Grand Total: 103 creatures vanquished

Notes
Turn   | Place    | Note
-------+----------+-------------------------------------------
     0 | D:1      | Ijustatesigmund the Demonspawn Fighter began the quest for
                  | the Orb.
     0 | D:1      | Reached XP level 1. HP: 18/18 MP: 1/1
    85 | D:1      | Reached skill level 2 in Axes
   382 | D:1      | Gained mutation: A meltable shield of frost defends you.
                  | (SH +4) [demonic ancestry]
   382 | D:1      | Reached XP level 2. HP: 15/24 MP: 2/2
  1158 | D:2      | Reached skill level 1 in Dodging
  1158 | D:2      | Reached XP level 3. HP: 29/29 MP: 3/3
  1158 | D:2      | Found an opulent altar of Gozag.
  1846 | D:2      | Found a basalt altar of Yredelemnul.
  1848 | D:2      | Noticed a profane servitor
  1855 | D:2      | Noticed an angel
  1872 | D:3      | Found Haxio's Assorted Antiques.
  1878 | D:3      | Reached skill level 3 in Axes
  1878 | D:3      | Gained mutation: A meltable icy envelope protects you from
                  | harm. (AC +4) [demonic ancestry]
  1878 | D:3      | Reached XP level 4. HP: 23/35 MP: 4/4
  2081 | D:3      | Bought a scroll labelled PAPROCLUMOKH for 20 gold pieces
  2081 | D:3      | Bought a fuming black potion for 18 gold pieces
  2081 | D:3      | Bought a pink potion for 18 gold pieces
  2081 | D:3      | Bought a pink potion for 18 gold pieces
  2097 | D:3      | Found a sacrificial altar of Ru.
  2429 | D:3      | Found Vepsa's Book Shoppe.
  2434 | D:3      | Found a shimmering blue altar of Sif Muna.
  2530 | D:3      | Found Omurog's General Store.
  2541 | D:3      | Noticed Terence
  2548 | D:3      | Killed Terence
  2549 | D:3      | Reached XP level 5. HP: 26/42 MP: 5/5
  2700 | D:3      | Found Ilo Caoqomm's General Store.
  2703 | D:3      | Bought a scroll of identify for 24 gold pieces
  2820 | D:3      | Found Qeiklag's Assorted Antiques.
  2823 | D:3      | Bought a scroll labelled OCOLES JEEFO for 28 gold pieces
  3277 | D:4      | Reached skill level 4 in Axes
  3454 | D:4      | Found Xereveez's Assorted Antiques.
  3462 | D:4      | Reached XP level 6. HP: 44/48 MP: 6/6
  3490 | D:4      | Bought a metallic cyan potion for 28 gold pieces
  3747 | D:5      | Entered Level 5 of the Dungeon
  4085 | D:5      | Reached skill level 5 in Axes
  4120 | D:5      | Reached XP level 7. HP: 44/55 MP: 7/7
  4413 | D:5      | Reached skill level 5 in Fighting
  4861 | D:5      | Reached skill level 6 in Axes
  5122 | D:5      | Gained mutation: You are partially covered in icy blue
                  | scales. (AC +2) [demonic ancestry]
  5122 | D:5      | Reached XP level 8. HP: 58/63 MP: 8/8
  5397 | D:5      | Found a shadowy altar of Dithmenos.
  5479 | D:5      | Found a blossoming altar of Fedhas.
  6060 | D:6      | Found a runed translucent gate.
  6060 | D:6      | Found a runed translucent gate.
  6061 | D:6      | Found a runed translucent gate.
  6098 | D:6      | Noticed Dwachs's ghost (novice GnWn)
  6098 | D:6      | Noticed DarkShadow's ghost (novice TrFi)
  6124 | D:6      | Reached skill level 7 in Axes
  6125 | D:6      | HP: 3/64 [iguana (6)]
  6205 | D:7      | Noticed Harold
  6216 | D:7      | Slain by Harold

Illustrated notes

Levels and vault maps discovered:
D:1:      ncdulo_smallfort, layout_loops_ring
D:2:      layout_basic, grunt_temple_overflow_holy_war, lemuel_crystal_altar,
          serial_corexii_hall, corexii_hall_statues_i,
          chequers_hall_statues_wall_a
D:3:      layout_loops_ring, nicolae_sif_muna_little_library,
          overflow_temple_1_default, serial_shops, shop, shop, shop_statue,
          shop_fountains, shop, serial_undead, serial_undead_b, serial_undead_c,
          serial_undead_c, serial_undead_b, nicolae_ru_great_annihilating_truth,
          uniq_terence
D:4:      layout_rooms, serial_shops, shop_fountains
D:5:      layout_loops_ring, grunt_dithmenos_shadows, fedhas_altar_1
D:6:      layout_basic, minmay_temple_entry_mist, gammafunk_ghost_cemetery
D:7:      layout_loops_ring, grunt_temple_overflow_open,
          gup_ossuary_entry_pyramid, uniq_harold

Skill      XL: |  1  2  3  4  5  6  7  8 |
---------------+-------------------------+-----
Axes           | 2 3 4 5 6 7 |  7.0
Dodging        | 1 2 |  2.4
Fighting       | 4 5 6 |  6.0
Armour         | 3 4 |  4.6
Shields        | |  2.6

Action                   |  1- 3 |  4- 6 |  7- 9 || total
-------------------------+-------+-------+-------++-------
Melee: War axe           |   120 |   182 |   155 ||   457
Throw: Dart              |       |     7 |       ||     7
  Use: Scroll            |     3 |     5 |       ||     8
       Potion            |       |       |     4 ||     4
 Stab: Paralysed         |       |     2 |       ||     2
       Invisible         |       |     1 |       ||     1
Armor: Scale mail        |    55 |    74 |    44 ||   173
Dodge: Dodged            |    50 |    65 |    30 ||   145
Block: Kite shield       |    93 |   166 |   101 ||   360

Table legend: (Time is in decaauts)
 A = Elapsed time spent in this place.
 B = Non-inter-level travel time spent in this place.
 C = Inter-level travel time spent in this place.
 D = Time resting spent in this place.
 E = Time spent auto-exploring this place.
 F = Levels seen in this place.
 G = Mean time per level.
                   A        B        C        D        E       F      G
               +--------+--------+--------+--------+--------+-----+--------+
         Total |   6463 |   6329 |    134 |   1181 |   4103 |   7 |  923.3 |
       Dungeon |   6463 |   6329 |    134 |   1181 |   4103 |   7 |  923.3 |
               +--------+--------+--------+--------+--------+-----+--------+

Top non-repeatable levels by time:
     D:5: 1861 daAuts
     D:3: 1438 daAuts
     D:1: 1109 daAuts
     D:2: 833 daAuts
     D:4: 621 daAuts
     D:6: 584 daAuts
     D:7: 14 daAuts
